 Dungeon Crawl Stone Soup version 0.27-a0-1548-gf8a67e7463 (webtiles) character file.

Game seed: 9756292786423848308

3674 Wyvernaa the Magician (level 10, -3/51 HPs)
             Began as a Vine Stalker Fighter on July 14, 2021.
             Was an Initiate of Makhleb.
             Splashed by an acid dragon's acid (11 damage)
             ... on level 8 of the Dungeon.
             The game lasted 00:21:15 (8611 turns).

Wyvernaa the Magician (Vine Stalker Fighter)        Turns: 8611, Time: 00:21:15

Health: -3/51      AC:  9    Str: 21    XL:     10   Next: 13%
Magic:  0/20       EV: 11    Int:  8    God:    Makhleb [......]
Gold:   454        SH: 15    Dex: 15    Spells: 21/21 levels left

rFire    . . .     SeeInvis +   n - +2 rapier (speed)
rCold    . . .     Faith    .   c - +0 kite shield
rNeg     . . .     Spirit   +   p - +2 leather armour {rPois}
rPois    +         Reflect  +   l - +0 helmet
rElec    .         Harm     .   (no cloak)
rCorr    .         Rampage  .   v - +0 pair of gloves
Will     +....                  f - +0 pair of boots
Stlth    ++........             i - amulet of reflection
HPRegen  1.17/turn              e - ring of see invisible
MPRegen  0.17/turn              (no ring)

@: mighty
A: fangs 3, regeneration 1, magic shield, antimagic bite, no potion heal 2
a: Renounce Religion


You were on level 8 of the Dungeon.
You worshipped Makhleb.
Makhleb was noncommittal.
You visited 2 branches of the dungeon, and saw 9 of its levels.

You collected 454 gold pieces.

Inventory:

Hand Weapons
 d - a +0 whip
 n - a +2 rapier of speed (weapon)
 q - a +3 flail
Missiles
 j - 2 throwing nets (quivered)
 D - 5 atropa-tipped darts
Armour
 b - a +0 scale mail
 c - a +0 kite shield (worn)
 f - a +0 pair of boots (worn)
 l - a +0 helmet (worn)
 p - a +2 leather armour of poison resistance (worn)
 v - a +0 pair of gloves (worn)
Jewellery
 e - a ring of see invisible (left hand)
 g - the ring "Duovef" {Fire Fly Int+3}
   (You found it on level 4 of the Dungeon)

   [ring of fire]

   It enhances your fire magic.
   Int:       It affects your intelligence (+3).
   rF:        It protects you from fire.
   rC:        It makes you vulnerable to cold.
   Fly:       It grants you flight.
 i - an amulet of reflection (around neck)
 s - an amulet of magic regeneration
Scrolls
 a - 2 scrolls of blinking
 m - 2 scrolls of teleportation
 w - a scroll of amnesia
 y - a scroll of summoning
 A - a scroll of holy word {unknown}
 C - a scroll of identify
Potions
 h - a potion of attraction
 k - 3 potions of brilliance
 o - a potion of berserk rage
 r - a potion of mutation
 t - a potion of flight {unknown}
 u - a potion of invisibility
 x - a potion of curing {unknown}
 B - 2 potions of haste {unknown}


   Skills:
 + Level 4.7 Fighting
 * Level 5.5 Short Blades
 - Level 4.7 Maces & Flails
 + Level 4.8 Armour
 + Level 2.8 Dodging
 + Level 2.2 Stealth
 + Level 6.1 Shields
 * Level 6.3 Spellcasting


You had 21 spell levels left.
You didn't know any spells.
Your spell library contained the following spells:

 Spells                   Type           Power      Damage    Failure   Level
 Conjure Flame            Conj/Fire      2%         6-21      94%         3
 Dazzling Flash           Conj/Hex       4%         N/A       94%         3
 Ignite Poison            Fire/Tmut/Pois 2%         N/A       94%         3
 Ozocubu's Armour         Ice            2%         N/A       94%         3
 Iskenderun's Mystic Bla  Conj/Tloc      2%         2d3       100%        4
 Sticky Flame             Conj/Fire      2%         2d3       100%        4
 Fireball                 Conj/Fire      1%         3d3       100%        5
 Iskenderun's Battlesphe  Conj           2%         2d6       100%        5
 Metabolic Englaciation   Hex/Ice        1%         N/A       100%        5
 Conjure Ball Lightning   Conj/Air       1%         3x3d6     100%        6
 Simulacrum               Ice/Necr       1%         N/A       100%        6
 Starburst                Conj/Fire      1%         8x6d3     100%        6
 Orb of Destruction       Conj           1%         N/A       100%        7
 Ignition                 Fire           1%         3d3       100%        8


Dungeon Overview and Level Annotations

Branches:
Dungeon (8/15)             Temple (1/1) D:7            Lair (0/6) D:8

Altars:
Ashenzari
Cheibriados
Makhleb
Nemelex Xobeh
Okawaru
Qazlal
Ru
Sif Muna
Uskayaw
Wu Jian
Xom
Yredelemnul
Zin

Shops:
D:1 =   D:3 [   D:7 :*((

Annotations:
D:7 1 runed translucent door


Innate Abilities, Weirdness & Mutations

You have razor-sharp teeth.
Your natural rate of healing is unusually fast.
When hurt, damage is shared between your health and your magic reserves.
Your bite disrupts and absorbs the magic of your enemies.
Potions cannot restore your health.


Message History

You closely miss the acid dragon.
You bite the acid dragon, but do no damage.
The acid dragon bites you.
The acid dragon claws you but does no damage.
You hit the acid dragon but do no damage.
Your bite misses the acid dragon. The acid dragon spits acid at you.
The splash of acid hits you!
You are splashed with acid!
You hit the acid dragon but do no damage.
Your bite misses the acid dragon.
Your shield prevents you from hitting the acid dragon.
You bite the acid dragon. You drain its power.
You feel invigorated.
The acid dragon is lightly wounded.
The acid dragon bites you! You block the acid dragon's attack.
You barely miss the acid dragon. Your bite misses the acid dragon.
The acid dragon is lightly wounded.
You block the acid dragon's attack.
The acid dragon claws you but does no damage.
You hit the acid dragon.
The acid dragon is moderately wounded.
The acid dragon bites you but does no damage.
You block the acid dragon's attack.
You puncture the acid dragon!
The acid dragon is severely wounded.
You block the steam dragon's attack. x2
The acid dragon spits acid at you. The splash of acid hits you!
You are splashed with acid!
You are too injured to fight recklessly!
You are too injured to fight recklessly!
You are too injured to fight recklessly!
Unknown command.
You feel very mighty all of a sudden. The steam dragon breathes steam at you.
The ball of steam hits you!
* * * LOW HITPOINT WARNING * * *
The acid dragon spits acid at you. The splash of acid hits you!
* * * LOW HITPOINT WARNING * * *
You are splashed with acid!
You die...

#....##.#.....#####.
#....'..#.....# .##.
#....#.)#.....# ....
+....#..#.....# ....
##....####.....#####+
#.....# ####........
#.....# #........
#....ยง# #........
#...@.# #........
#..DD.# #........
#.....# #........
###.... ...######.
#..... ....# #.
#........... +.
#........... #.
#........ #. #.


You could see a steam dragon (catching breath) and an acid dragon (catching
breath).

Vanquished Creatures
  Grinder (D:5)
  Sigmund (D:5)
  2 yaks (D:8)
  Menkaure (D:4)
  3 water moccasins (D:8)
  Duvessa (D:5)
  A hornet zombie (D:5)
  An ice beast (D:8)
  A sky beast (D:5)
  3 black bears
  3 ogres
  A centaur (D:8)
  A phantom (D:6)
  2 bullfrogs
  A gnoll sergeant (D:7)
  Dowan (D:5)
  A scorpion (D:4)
  4 wights
  3 bullfrog zombies
  A centaur zombie (D:8)
  2 orc priests
  2 gnoll shamans
  2 bullfrog skeletons
  A centaur skeleton (D:6)
  Jessica (D:2)
  5 iguanas
  5 orc wizards
  A killer bee zombie (D:8)
  A hound skeleton (D:4)
  6 adders
  22 gnolls
  A shadow imp (D:5)
  A white imp (D:5)
  An ufetubus (D:5)
  2 adder zombies
  An adder skeleton (D:2)
  3 worms
  A dart slug (D:2)
  30 orcs
  7 ball pythons
  11 endoplasms
  2 giant cockroaches
  12 goblins
  6 hobgoblins
  3 jackals (D:3)
  5 kobolds
  8 quokkas
  A ball python zombie (D:2)
  11 bats
  5 frilled lizards
  A quokka zombie (D:2)
  4 rats
197 creatures vanquished.

Vanquished Creatures (others)
  19 fungi (D:8)
  20 plants (D:8)
  A withered plant (D:2)
40 creatures vanquished.

Grand Total: 237 creatures vanquished

Notes
Turn   | Place    | Note
-------+----------+-------------------------------------------
     0 | D:1      | Wyvernaa the Vine Stalker Fighter began the quest for the
                  | Orb.
     0 | D:1      | Reached XP level 1. HP: 11/11 MP: 2/2
   166 | D:1      | Found a faded altar of an unknown god.
   421 | D:1      | Reached XP level 2. HP: 16/16 MP: 3/3
   948 | D:1      | Reached XP level 3. HP: 20/20 MP: 4/4
   995 | D:1      | Found Kalifat's Jewellery Emporium.
  2146 | D:2      | Reached skill level 1 in Spellcasting
  2148 | D:2      | Gained mutation: Your natural rate of healing is unusually
                  | fast. [Vine Stalker growth]
  2148 | D:2      | Reached XP level 4. HP: 24/24 MP: 6/6
  2310 | D:2      | Noticed Jessica
  2315 | D:2      | Killed Jessica
  2316 | D:2      | Reached XP level 5. HP: 19/28 MP: 3/8
  3157 | D:3      | Found Boerayki's Armour Shop.
  3300 | D:3      | Reached XP level 6. HP: 32/32 MP: 8/10
  3644 | D:3      | Found a shimmering blue altar of Sif Muna.
  3695 | D:4      | Noticed Menkaure
  3743 | D:3      | HP: 1/32 [orc (3)]
  4282 | D:4      | Noticed a black bear
  4616 | D:4      | Reached XP level 7. HP: 5/37 MP: 8/12
  4758 | D:5      | Entered Level 5 of the Dungeon
  4758 | D:5      | Noticed Grinder
  4889 | D:4      | Killed Menkaure
  4895 | D:4      | Found a snail-covered altar of Cheibriados.
  5059 | D:4      | Identified the ring "Duovef" {Fire Fly Int+3}
  5321 | D:4      | Reached skill level 1 in Dodging
  5399 | D:5      | Noticed Dowan
  5400 | D:5      | Noticed Duvessa
  5590 | D:5      | Gained mutation: You have razor-sharp teeth. [Vine Stalker
                  | growth]
  5590 | D:5      | Reached XP level 8. HP: 42/42 MP: 14/14
  5848 | D:5      | Noticed Sigmund
  5862 | D:5      | Killed Sigmund
  6105 | D:5      | Killed Duvessa
  6116 | D:5      | Killed Dowan
  6184 | D:5      | Killed Grinder
  6185 | D:5      | Reached skill level 1 in Short Blades
  6185 | D:5      | Reached skill level 5 in Shields
  6185 | D:5      | Reached skill level 5 in Spellcasting
  6282 | D:5      | Reached XP level 9. HP: 45/45 MP: 17/17
  6638 | D:5      | Reached skill level 1 in Stealth
  7070 | D:6      | Found a glowing silver altar of Zin.
  7223 | D:6      | Found an iron altar of Okawaru.
  7607 | D:7      | Found Fejioh's General Store.
  7659 | D:7      | Found a runed translucent door.
  7666 | D:7      | Found a basalt altar of Yredelemnul.
  7699 | D:7      | Found a staircase to the Ecumenical Temple.
  7754 | Temple   | Entered the Ecumenical Temple
  7765 | Temple   | Became a worshipper of Makhleb the Destroyer
  7812 | D:7      | Found Tadduih's Antique Weapon Shoppe.
  7898 | D:7      | Found Lucaloh's Weapon Shoppe.
  8203 | D:7      | Found Siunn's Book Boutique.
  8223 | D:7      | Found an ornate altar of the Wu Jian Council.
  8467 | D:8      | Reached skill level 5 in Short Blades
  8474 | D:8      | Reached XP level 10. HP: 33/51 MP: 14/20
  8497 | D:8      | Found a staircase to the Lair.
  8611 | D:8      | Splashed by an acid dragon's acid

Illustrated notes

Levels and vault maps discovered:
D:1:      amcnicky_arrival_abandoned_market, layout_basic,
          hellmonk_ecumenical_altar_blasted, serial_shops, shop
D:2:      layout_basic, serial_undead, serial_undead_e, serial_undead_a,
          serial_undead_e, serial_undead_b, uniq_jessica
D:3:      layout_basic, nicolae_sif_muna_little_library, serial_shops,
          nicolae_shop_behind_doors
D:4:      layout_cave_pods, cheibriados_altar_1, serial_park_tiny_2,
          uniq_menkaure
D:5:      layout_cave_pods, minmay_misc_feat_more_columns, uniq_duvessa,
          uniq_grinder, uniq_sigmund
D:6:      layout_loops_ring, nicolae_overflow_hidden_temple,
          mainiacjoe_overflow_concentric_impassable,
          eino_small_chamber_without_monster
D:7:      layout_loops_cross, nicolae_wu_jian_wuxing_cycle,
          dk_yredelemnul_ordeal, temple_statues, serial_shops,
          nicolae_shop_stone, nicolae_shop_trees, nicolae_shop_behind_doors,
          shop
D:8:      layout_gridville, due_lair_maze_entry_diamond
Temple:   eino_temple_rhombus

Skill      XL: |  1  2  3  4  5  6  7  8  9 10 |
---------------+-------------------------------+-----
Maces & Flails | 2 3 4 |  4.7
Fighting       | 3 4 |  4.7
Shields        | 3 4 5 6 |  6.1
Spellcasting   | 1 2 3 5 6 |  6.3
Armour         | 3 4 |  4.8
Dodging        | 1 2 |  2.8
Short Blades   | 1 5 |  5.5
Stealth        | 2 |  2.2

Action                   |  1- 3 |  4- 6 |  7- 9 | 10-12 || total
-------------------------+-------+-------+-------+-------++-------
Melee: Flail             |    95 |   198 |       |       ||   293
       Bite              |    29 |    63 |   152 |    15 ||   259
       Whip              |       |     6 |   160 |       ||   166
       Rapier            |       |       |   244 |    40 ||   284
  Use: Scroll            |     4 |     6 |     4 |       ||    14
       Potion            |     1 |       |     1 |     1 ||     3
 Stab: Sleeping          |       |       |     2 |       ||     2
Armor: Scale mail        |    41 |    77 |    39 |       ||   157
       Leather armour    |       |       |    32 |    11 ||    43
Dodge: Dodged            |    27 |    76 |    80 |    14 ||   197
Block: Kite shield       |    49 |   145 |   272 |    32 ||   498
       Reflection        |       |       |     6 |       ||     6

Table legend: (Time is in decaauts)
 A = Elapsed time spent in this place.
 B = Non-inter-level travel time spent in this place.
 C = Inter-level travel time spent in this place.
 D = Time resting spent in this place.
 E = Time spent auto-exploring this place.
 F = Levels seen in this place.
 G = Mean time per level.
                   A        B        C        D        E       F      G
               +--------+--------+--------+--------+--------+-----+--------+
         Total |   8748 |   8600 |    148 |   1351 |   5239 |   9 |  972.0 |
       Dungeon |   8726 |   8585 |    141 |   1351 |   5239 |   8 | 1090.8 |
        Temple |     22 |     15 |      7 |      0 |      0 |   1 |   22.0 |
               +--------+--------+--------+--------+--------+-----+--------+

Top non-repeatable levels by time:
     D:1: 1686 daAuts
     D:2: 1552 daAuts
     D:4: 1372 daAuts
     D:5: 1165 daAuts
     D:3: 1028 daAuts
     D:6: 820 daAuts
     D:7: 787 daAuts
     D:8: 313 daAuts
  Temple: 22 daAuts
